 Dungeon Crawl Stone Soup version 0.17.1-2-g5865329 (webtiles) character file.

234 kaze the Ruffian (level 5, -1/53 HPs)
             Began as a Troll Berserker on Feb 14, 2016.
             Was a Believer of Trog.
             Slain by a hobgoblin (2 damage)
             ... led by Robin
             ... on level 2 of the Dungeon.
             The game lasted 00:05:40 (1007 turns).

kaze the Ruffian (Troll Berserker)                  Turns: 1007, Time: 00:05:41

Health: -1/53      AC:  5    Str: 26    XL:     5   Next: 75%
Magic:  4/4        EV: 10    Int:  3    God:    Trog [**....]
Gold:   52         SH:  0    Dex:  9    Spells: 0 memorised, 4 levels left

rFire  . . .     SeeInvis .     o - +0 scythe
rCold  . . .     Clarity  .     a - +0 animal skin
rNeg   . . .     SustAt   .     (shield currently unavailable)
rPois  .         Gourm    +     (helmet restricted)
rElec  .         Spirit   .     (no cloak)
rCorr  .         Warding  .     (gloves unavailable)
rMut   .         Stasis   .     (boots unavailable)
MR     .....                    (no amulet)
Stlth  +.........               (no ring)
                                (no ring)

@: exhausted, not resistant to hostile enchantments, very unstealthy
A: unfitting armour, claws 3, fast metabolism 3, gourmand, regeneration 2,
shaggy fur 1, tough skin 2
a: Berserk, Trog's Hand, Burn Spellbooks, Renounce Religion


You were on level 2 of the Dungeon.
You worshipped Trog.
Trog was pleased with you.
You were not hungry.

You visited 1 branch of the dungeon, and saw 2 of its levels.

You collected 52 gold pieces.

Inventory:

Hand Weapons
 l - a +1 hunting sling of flaming
 o - a +0 scythe (weapon)
Missiles
 m - 12 sling bullets
Armour
 a - a +0 animal skin (worn)
Scrolls
 c - 2 scrolls of identify {unknown}
 e - a scroll of blinking {unknown}
 f - 3 scrolls of enchant weapon {unknown}
 g - 3 scrolls of teleportation {unknown}
 i - a scroll of remove curse {unknown}
Potions
 h - a potion of brilliance {unknown}
 j - a potion of magic {unknown}
 k - 3 potions of curing {unknown}
Comestibles
 b - 2 bread rations
 d - a beef jerky


   Skills:
 + Level 3.3 Fighting
 + Level 3.8 Dodging
 - Level 0.1 Stealth
 + Level 4.6 Unarmed Combat


You had 4 spell levels left.
You didn't know any spells.

Dungeon Overview and Level Annotations

Branches:
Dungeon (2/15)

Altars:


Innate Abilities, Weirdness & Mutations

You are too large for most types of armour.
You have claws for hands.
Your metabolism is lightning-fast.
You like to eat raw meat.
You heal very quickly.
You are covered in fur (AC +1).
You have very tough skin (AC +2).


Message History

You can now call upon Trog for regeneration and protection from hostile enchantments.
The goblin barely misses you. The goblin hits you but does no damage.
The hobgoblin hits you but does no damage.
The goblin hits you.
* * * LOW HITPOINT WARNING * * *
The hobgoblin hits you.
* * * LOW HITPOINT WARNING * * *
You barely miss the hobgoblin. The goblin hits you but does no damage.
The hobgoblin hits you but does no damage.
The goblin hits you but does no damage. The hobgoblin hits you.
* * * LOW HITPOINT WARNING * * *
The goblin hits you but does no damage. The hobgoblin hits you.
* * * LOW HITPOINT WARNING * * *
You closely miss the hobgoblin.
You feel yourself speed up. The goblin closely misses you.
The hobgoblin barely misses you. The goblin hits you but does no damage.
The hobgoblin hits you.
* * * LOW HITPOINT WARNING * * *
The goblin hits you but does no damage. The hobgoblin hits you.
You die...

#.# #.#### .....+
#.#### #.# #.# #.#
#.#
#'##################
#.#
....gSg@g....(.....#
#.#
#.###############.##
#.# ###########.#
..# #.........#.#
..# #.#######.#.#
..#.# #.# #.#.#
..#.# #.# #.#.#
..#.# #.#######.#.#
#.#.#
#.#####.......#.#.#


You could see an adder, a hobgoblin and 2 goblins.

Vanquished Creatures
  Sigmund (D:2)
  Jessica (D:2)
  Robin (D:2)
  2 adders (D:2)
  A bat (D:2)
  A giant cockroach (D:1)
  8 goblins
  4 hobgoblins (D:2)
  2 giant newts
  2 kobolds
  2 rats (D:2)
25 creatures vanquished.

Notes
Turn   | Place    | Note
--------------------------------------------------------------
     0 | D:1      | kaze the Troll Berserker began the quest for the Orb.
     0 | D:1      | Reached XP level 1. HP: 22/22 MP: 0/0
   574 | D:2      | Noticed Jessica
   585 | D:2      | Killed Jessica
   585 | D:2      | Reached XP level 2. HP: 13/29 MP: 1/1
   585 | D:2      | Reached XP level 3. HP: 16/36 MP: 2/2
   825 | D:2      | Noticed Sigmund
   833 | D:2      | Killed Sigmund
   833 | D:2      | Reached skill level 4 in Unarmed Combat
   833 | D:2      | Reached XP level 4. HP: 38/45 MP: 3/3
   833 | D:2      | Reached XP level 5. HP: 44/53 MP: 4/4
   964 | D:2      | Noticed Robin
  1005 | D:2      | Killed Robin
  1005 | D:2      | Reached ** piety under Trog
  1006 | D:2      | HP: 1/53 [hobgoblin[Robin] (2)]
  1007 | D:2      | Slain by a hobgoblin

Action                   |  1- 3 |  4- 6 || total
-------------------------+-------+-------++-------
Melee: Unarmed           |    35 |       ||    35
       Hunting sling     |     4 |       ||     4
       Scythe            |       |    47 ||    47
Invok: Berserk           |     2 |     1 ||     3
  Use: Potion            |     1 |       ||     1
 Stab: Sleeping          |     1 |       ||     1
  Eat: Bread ration      |     2 |       ||     2
       Chunk             |     1 |       ||     1
